 Dungeon Crawl Stone Soup version 0.26.1-2-gb8aa6d0cf2 (webtiles) character file.

Game seed: 9740691814849362782

193 MajorAdolf the Skirmisher (level 5, -8/51 HPs)
             Began as a Naga Wanderer on Mar 12, 2021.
             Killed by divine providence
             ... invoked by an orc priest
              (13 damage)
             ... on level 3 of the Dungeon.
             The game lasted 00:03:25 (2084 turns).

MajorAdolf the Skirmisher (Naga Wanderer)           Turns: 2084, Time: 00:03:26

Health: -8/51      AC:  6    Str: 16    XL:     5   Next: 72%
Magic:  5/5        EV:  5    Int: 13    God:
Gold:   103        SH:  0    Dex:  9    Spells: 4/4 levels left

rFire    . . .     SeeInvis +   a - +2 hand crossbow
rCold    . . .     Faith    .   (no shield)
rNeg     . . .     Spirit   .   r - +0 chain mail
rPois    +         Reflect  .   (no helmet)
rElec    .         Harm     .   (no cloak)
rCorr    .         Rampage  .   (no gloves)
Will     .....                  (no barding)
Stlth    ..........             (no amulet)
HPRegen  0.17/turn              (no ring)
MPRegen  0.09/turn              (no ring)

@: very slow
A: large, see invisible, deformed body, poison resistance, slowness 2, spit
poison 1, AC +1
a: Spit Poison


You were on level 3 of the Dungeon.
You visited 1 branch of the dungeon, and saw 3 of its levels.

You collected 103 gold pieces.

Inventory:

Hand Weapons
 a - a +2 hand crossbow (weapon)
 q - a +0 hand axe
Missiles
 b - 29 bolts (quivered ammo)
 k - 12 poisoned darts
Armour
 r - a +0 chain mail (worn)
Scrolls
 e - 2 scrolls of fog {unknown}
 f - 3 scrolls of remove curse {unknown}
 g - 2 scrolls of enchant weapon {unknown}
 i - a scroll of teleportation {unknown}
 l - a scroll of enchant armour {unknown}
 m - a scroll of identify {unknown}
 n - a scroll of magic mapping {unknown}
 p - a scroll of immolation {unknown}
Potions
 c - 2 potions of curing
 d - 3 potions of lignification {unknown}
 h - a potion of magic {unknown}
 j - 2 potions of heal wounds {unknown}
 o - a potion of brilliance {unknown}


   Skills:
 + Level 4.4 Fighting
 + Level 1.7 Axes
 - Level 1.0 Crossbows
 + Level 2.9 Armour
 + Level 1.3 Dodging
 + Level 3.5 Stealth
 + Level 1.3 Shields
 + Level 2.1 Evocations


You had 4 spell levels left.
You didn't know any spells.
Your spell library was empty.

Dungeon Overview and Level Annotations

Branches:
Dungeon (3/15)

Altars:
Cheibriados


Innate Abilities, Weirdness & Mutations

You cannot wear boots.
Your serpentine skin is tough. (AC +1)
You have supernaturally acute eyesight. (SInv)
Armour fits poorly on your strangely shaped body.
Your system is resistant to poisons. (rPois)
You cover ground very slowly.
You can spit poison.


Message History

Beogh smites you!
* * * LOW HITPOINT WARNING * * *
Fire: 31 bolts
Press: ? - help, Q - select action, (/) - cycle Shift-Dir - straight line, f/p - orc priest
Aim: an orc priest, wielding a +0 short sword (heavily wounded, 63% to hit)
You shoot a bolt. The bolt barely misses the orc priest.
The bolt hits the hobgoblin!
You kill the hobgoblin!
The orc priest hits you with a +0 short sword.
* * * LOW HITPOINT WARNING * * *
The orc priest hits you but does no damage.
Fire: 30 bolts
Press: ? - help, Q - select action, (/) - cycle Shift-Dir - straight line, f/p - orc priest
Aim: an orc priest, wielding a +0 short sword (heavily wounded, 63% to hit)
You shoot a bolt. The bolt hits the orc priest.
The orc priest is almost dead.
You have got your breath back.
The orc priest mumbles some strange prayers to Beogh against you.
Beogh smites you!
You die...

##########...
#...<......#
#.###@####.#
###.###o###
.......(..#
.##.###.#.#
#.###.#.##.#
#.....(((.(#
#######..(((.(
.##(##. .# .#


You could see an orc priest.

Vanquished Creatures
  An ice beast (D:2)
  An orc wizard (D:2)
  2 adders (D:2)
  2 leopard geckos
  5 orcs
  3 giant cockroaches
  5 goblins
  6 hobgoblins
  A ball python (D:2)
  7 bats
  6 frilled lizards
  7 kobolds
  9 rats
55 creatures vanquished.

Notes
Turn   | Place    | Note
-------+----------+-------------------------------------------
     0 | D:1      | MajorAdolf the Naga Wanderer began the quest for the Orb.
     0 | D:1      | MajorAdolf set off with the following items: a +2 hand
                  | crossbow, 19 bolts, a potion of curing, a +0 ring mail
     0 | D:1      | Reached XP level 1. HP: 22/22 MP: 1/1
   208 | D:1      | Reached XP level 2. HP: 28/30 MP: 2/2
   601 | D:1      | Reached XP level 3. HP: 36/36 MP: 3/3
  1102 | D:2      | Reached skill level 1 in Axes
  1215 | D:2      | Found a snail-covered altar of Cheibriados.
  1338 | D:2      | Reached XP level 4. HP: 44/44 MP: 4/4
  1367 | D:2      | Reached skill level 1 in Dodging
  1367 | D:2      | Reached skill level 1 in Shields
  1777 | D:3      | Noticed an ice beast
  1787 | D:2      | Killed an ice beast
  1788 | D:2      | Reached XP level 5. HP: 25/51 MP: 5/5
  2084 | D:3      | Killed from afar by an orc priest

Illustrated notes

Levels and vault maps discovered:
D:1:      minmay_arrival_loop, layout_loops_ring,
          chequers_serial_rivers_small_3, minmay_cut_off
D:2:      layout_rooms, cheibriados_altar_1
D:3:      layout_loops_cross, st_stairs_8, elyvilon_altar_5

Skill      XL: |  1  2  3  4 |
---------------+-------------+-----
Stealth        | 2 3 |  3.5
Axes           | 1 |  1.7
Dodging        | 1 |  1.3
Shields        | 1 |  1.3
Evocations     | 2 |  2.1
Fighting       | |  4.4
Crossbows      | |  1.0
Armour         | |  2.9

Action                   |  1- 3 |  4- 6 || total
-------------------------+-------+-------++-------
 Fire: Hand crossbow     |    93 |    42 ||   135
 Abil: Spit Poison       |     1 |     2 ||     3
Armor: Ring mail         |    18 |     7 ||    25
       Chain mail        |       |     5 ||     5
Dodge: Dodged            |    18 |    12 ||    30
